NULL
Full Scoreboard »»

Stars vs Ducks

Created - February 24, 2023 at 20:44

Goals
1 2 3 T
Stars 1 0 0 1
Ducks 1 1 0 2
Shots
1 2 3 T
Stars 10 10 14 34
Ducks 7 9 8 24

GoalsPenalties
1st period
1. Ducks , Troy Terry 13 (Michael Bunting 21, Jack Eichel 27) at 11:19
2. Stars , Alex Killorn 13 (Oliver Bjorkstrand 22) at 16:22
Owen Tippett (DAL) for Tripping (Minor) at 4:06
Victor Mete (ANA) for Slashing (Minor) at 16:49
2nd period
3. Ducks , Jack Eichel 17 (Jason Robertson 33) at 9:54
Anthony Duclair (DAL) for Hooking (Minor) at 10:45
Pierre-Edouard Bellemare (ANA) for Holding (Minor) at 13:41
3rd period
No Goal
Oskar Lindblom (ANA) for Hooking (Minor) at 4:24
Joe Veleno (ANA) for Interference (Minor) at 18:26
Goalie Stats
Alex Nedeljkovic (DAL), 22 saves from 24 shots - (0.917), L, 3-9-1, 59:08 minutes
Philipp Grubauer (ANA), 33 saves from 34 shots - (0.971), W, 17-8-5, 60:00 minutes
3 StarsOfficial
1 - Philipp Grubauer (ANA)
2 - Jack Eichel (ANA)
3 - Troy Terry (ANA)
Referees : Unknown
Linesman : Unknown
Game Note
No Game Note



Team Name Goals Shots Shots Attemp Shots Blocked PIM HIT PP PK FO%
Stars 13472164300 / 4 (0%)051%
Ducks 22473118290 / 2 (0%)049%

Stars
Player Name POS G A P +/- PIM HIT SHT SB MP PP MP PP SHT PK MP PK SHT FO% FOT GA TA
Alex KillornC/LW/RW1010037018:203:0412:0300% 020
Anthony DuclairLW/RW000-1210318:374:2600:000100% 100
Brian DumoulinD000-1011122:472:2102:1300% 000
Connor BrownRW000-1003018:523:0401:5400% 001
Connor CliftonD0000000112:230:0000:0000% 001
David JiricekD0000031224:505:0901:4500% 002
Evgeny SvechnikovLW/RW000002129:380:0000:0000% 000
Henri JokiharjuD0000001015:182:2100:0000% 001
Joel Eriksson EkC/LW/RW000-1031018:324:2610:00055% 2910
Justin BraunD0000012018:540:0002:1300% 010
Luke KuninC/RW000002109:380:0000:0000% 010
Miro HeiskanenD000-1013525:485:0921:4500% 000
Oliver BjorkstrandLW/RW0110012017:404:2600:0000% 210
Owen TippettLW/RW0000222012:000:0000:0500% 000
Patric HornqvistLW/RW0000024014:233:0400:0000% 010
Radek FaksaC0000062015:170:0001:54056% 1600
Sam SteelC/LW/RW000001319:380:0000:00050% 200
Zemgus GirgensonsC/LW/RW0000010113:250:0002:00033% 900
Ducks
Player Name POS G A P +/- PIM HIT SHT SB MP PP MP PP SHT PK MP PK SHT FO% FOT GA TA
Andrej SekeraD0001021121:311:4703:5100% 001
Devon ToewsD0000014122:102:1103:3900% 000
Ivan BarbashevC/LW/RW0000021114:460:1000:13080% 1010
Jack EichelC1121023018:002:0103:49059% 1710
Jack RoslovicC/RW0001030014:241:5300:00042% 1200
Jason RobertsonLW/RW0111011117:041:5503:40029% 700
Joe VelenoC000-1230010:140:1000:0000% 001
Michael AndersonD0000021222:102:1103:3900% 001
Michael BuntingLW/RW0111033117:571:5303:3200% 010
Miles WoodLW/RW000-101109:380:0000:000100% 100
Nicolas Aube-KubelC/RW000-102109:380:0000:00014% 700
Oskar LindblomLW/RW0000222014:220:0000:000100% 101
Philippe MyersD0001000221:311:4703:5100% 001
Pierre-Edouard BellemareC/LW/RW0000224014:520:0000:0900% 010
T.J. OshieC/LW/RW0001020117:011:5503:37025% 400
Troy TerryRW1011001014:311:5700:0000% 011
Victor MeteD0000210116:180:0000:0000% 001
Victor SoderstromD0000001016:190:0000:0000% 000

Stars

5 vs 5 Forward
Line #Left WingCenterRight WingPHYDFOFWanted %Time %Time Play
1Anthony DuclairJoel Eriksson EkConnor Brown1223329%14:16
2Oliver BjorkstrandRadek FaksaAlex Killorn1223127%13:19
3Patric HornqvistZemgus GirgensonsOwen Tippett1222623%11:19
4Evgeny SvechnikovSam SteelLuke Kunin1221020%9:38
5 vs 5 Defense
Line #DefenseDefensePHYDFOFWanted %Time %Time Play
1Miro HeiskanenBrian Dumoulin1223738%18:22
2David JiricekJustin Braun1223737%17:47
3Henri JokiharjuConnor Clifton1222626%12:23
4Miro HeiskanenBrian Dumoulin12200%0:00
Power Play Forward
Line #Left WingCenterRight WingPHYDFOFWanted %Time %Time Play
1Oliver BjorkstrandJoel Eriksson EkAnthony Duclair1225559%4:26
2Patric HornqvistAlex KillornConnor Brown1224541%3:04
Power Play Defense
Line #DefenseDefensePHYDFOFWanted %Time %Time Play
1Miro HeiskanenDavid Jiricek1225569%5:09
2Henri JokiharjuBrian Dumoulin1224531%2:21
Penalty Kill 4 Players Forward
Line #CenterWingPHYDFOFWanted %Time %Time Play
1Radek FaksaConnor Brown1225048%1:54
2Zemgus GirgensonsAlex Killorn1225052%2:04
Penalty Kill 4 Players Defense
Line #DefenseDefensePHYDFOFWanted %Time %Time Play
1Justin BraunBrian Dumoulin1225556%2:13
2David JiricekMiro Heiskanen1224544%1:45
Penalty Kill 3 Players
Line #WingPHYDFOFWanted %Time %Time PlayDefenseDefensePHYDFOFWanted %Time %Time Play
1Radek Faksa122500%0:00 Miro HeiskanenBrian Dumoulin122500%0:00
2Joel Eriksson Ek122500%0:00 David JiricekJustin Braun122500%0:00
4 vs 4 Forward
Line #CenterWingPHYDFOFWanted %Time %Time Play
1Radek FaksaPatric Hornqvist122500%0:00
2Alex KillornAnthony Duclair122500%0:00
4 vs 4 Defense
Line #DefensePHYDFOFWanted %Time %Time Play
1David JiricekJustin Braun122500%0:00
2Henri JokiharjuConnor Clifton122500%0:00
Last Minutes Offensive
Left WingCenterRight WingDefenseDefense
Anthony DuclairAlex KillornOliver BjorkstrandMiro HeiskanenDavid Jiricek
Last Minutes Defensive
Left WingCenterRight WingDefenseDefense
Joel Eriksson EkRadek FaksaConnor BrownMiro HeiskanenBrian Dumoulin
Time
Total ForwardTotal DefenseLast Minutes OffensiveLast Minutes Defensive
60:00 60:00 0:000:00
Extra Forwards
Normal PowerPlayPenalty Kill
Radek Faksa, Zemgus Girgensons, Owen TippettRadek Faksa, Zemgus GirgensonsOwen Tippett
Extra Defensemen
Normal PowerPlayPenalty Kill
Henri Jokiharju, Connor Clifton, David JiricekHenri Jokiharju, Connor CliftonDavid Jiricek
Penalty Shots
Oliver Bjorkstrand, Anthony Duclair, Miro Heiskanen, Connor Brown, Alex Killorn
Goalie
Alex Nedeljkovic, Cam Talbot
Custom OT Lines Forwards
Joel Eriksson Ek, Connor Brown, Oliver Bjorkstrand, Alex Killorn, Anthony Duclair, Patric Hornqvist, Radek Faksa, Zemgus Girgensons, Owen Tippett, Luke Kunin
Custom OT Lines Defensemen
Miro Heiskanen, Brian Dumoulin, David Jiricek, Justin Braun, Henri Jokiharju
Scratches
Danil Misyul (Healthy), John Farinacci (Healthy)

Ducks

5 vs 5 Forward
Line #Left WingCenterRight WingPHYDFOFWanted %Time %Time Play
1Jason RobertsonJack EichelT.J. Oshie1222726%12:31
2Michael BuntingJack RoslovicTroy Terry1222726%12:34
3Pierre-Edouard BellemareIvan BarbashevOskar Lindblom1222728%13:49
4Miles WoodNicolas Aube-KubelJoe Veleno1221920%9:38
5 vs 5 Defense
Line #DefenseDefensePHYDFOFWanted %Time %Time Play
1Devon ToewsMichael Anderson1223434%16:20
2Philippe MyersAndrej Sekera1223333%15:53
3Victor MeteVictor Soderstrom1223334%16:19
4Devon ToewsMichael Anderson12200%0:00
Power Play Forward
Line #Left WingCenterRight WingPHYDFOFWanted %Time %Time Play
1Jason RobertsonJack EichelT.J. Oshie1225051%2:01
2Michael BuntingJack RoslovicTroy Terry1225049%1:57
Power Play Defense
Line #DefenseDefensePHYDFOFWanted %Time %Time Play
1Devon ToewsMichael Anderson1225055%2:11
2Philippe MyersAndrej Sekera1225045%1:47
Penalty Kill 4 Players Forward
Line #CenterWingPHYDFOFWanted %Time %Time Play
1Jason RobertsonJack Eichel1225052%3:53
2T.J. OshieMichael Bunting1225048%3:37
Penalty Kill 4 Players Defense
Line #DefenseDefensePHYDFOFWanted %Time %Time Play
1Devon ToewsMichael Anderson1225049%3:39
2Philippe MyersAndrej Sekera1225051%3:51
Penalty Kill 3 Players
Line #WingPHYDFOFWanted %Time %Time PlayDefenseDefensePHYDFOFWanted %Time %Time Play
1Jason Robertson122500%0:00 Devon ToewsMichael Anderson122500%0:00
2Jack Eichel122500%0:00 Philippe MyersAndrej Sekera122500%0:00
4 vs 4 Forward
Line #CenterWingPHYDFOFWanted %Time %Time Play
1Jason RobertsonJack Eichel122500%0:00
2T.J. OshieMichael Bunting122500%0:00
4 vs 4 Defense
Line #DefensePHYDFOFWanted %Time %Time Play
1Devon ToewsMichael Anderson122500%0:00
2Philippe MyersAndrej Sekera122500%0:00
Last Minutes Offensive
Left WingCenterRight WingDefenseDefense
Jason RobertsonJack EichelT.J. OshieDevon ToewsMichael Anderson
Last Minutes Defensive
Left WingCenterRight WingDefenseDefense
Jason RobertsonJack EichelT.J. OshieDevon ToewsMichael Anderson
Time
Total ForwardTotal DefenseLast Minutes OffensiveLast Minutes Defensive
60:00 60:00 0:000:00
Extra Forwards
Normal PowerPlayPenalty Kill
Joe Veleno, Ivan Barbashev, Pierre-Edouard BellemareJoe Veleno, Ivan BarbashevPierre-Edouard Bellemare
Extra Defensemen
Normal PowerPlayPenalty Kill
Victor Mete, Victor Soderstrom, Philippe MyersVictor Mete, Victor SoderstromPhilippe Myers
Penalty Shots
Jason Robertson, Jack Eichel, T.J. Oshie, Michael Bunting, Troy Terry
Goalie
Philipp Grubauer, Pavel Francouz
Custom OT Lines Forwards
Jason Robertson, Jack Eichel, T.J. Oshie, Michael Bunting, Troy Terry, Jack Roslovic, Ivan Barbashev, Pierre-Edouard Bellemare, Oskar Lindblom, Miles Wood
Custom OT Lines Defensemen
Devon Toews, Michael Anderson, Philippe Myers, Andrej Sekera, Victor Mete
Scratches
Ben King (Healthy), Olen Zellweger (Healthy), Nico Daws (Healthy)


Play-by-Play

1st period


0:01 of 1st period - Jack Eichel wins face-off versus Joel Eriksson Ek in neutral zone.
0:38 of 1st period - Slapshot by Devon Toews.
0:38 of 1st period - Stopped by Alex Nedeljkovic with a rebound.
0:46 of 1st period - Snap shot by Anthony Duclair.
0:46 of 1st period - Shot Misses the Net.
1:11 of 1st period - Backhand shot by Connor Brown.
1:11 of 1st period - Stopped by Philipp Grubauer without a rebound.
1:12 of 1st period - Ivan Barbashev wins face-off versus Radek Faksa in Ducks zone.
1:25 of 1st period - Snap shot by Oskar Lindblom.
1:25 of 1st period - Stopped by Alex Nedeljkovic with a rebound.
1:31 of 1st period - Andrej Sekera is hit by Alex Killorn and loses puck.
2:10 of 1st period - Justin Braun is hit by Victor Mete and loses puck.
2:33 of 1st period - Icing by Victor Mete.
2:34 of 1st period - Zemgus Girgensons wins face-off versus Nicolas Aube-Kubel in Ducks zone.
2:59 of 1st period - Wrist shot by Nicolas Aube-Kubel.
2:59 of 1st period - Shot Blocked by Zemgus Girgensons.
3:27 of 1st period - Wrist shot by Alex Killorn.
3:27 of 1st period - Stopped by Philipp Grubauer without a rebound.
3:28 of 1st period - Ivan Barbashev wins face-off versus Radek Faksa in Ducks zone.
3:43 of 1st period - Snap shot by Ivan Barbashev.
3:43 of 1st period - Deflect By Oskar Lindblom.
3:43 of 1st period - Shot Misses the Net.
3:43 of 1st period - Puck is out of play.
3:44 of 1st period - Zemgus Girgensons wins face-off versus T.J. Oshie in Stars zone.
4:06 of 1st period - Minor Penalty to Owen Tippett for Tripping.
4:07 of 1st period - Radek Faksa wins face-off versus Jack Eichel in Stars zone.
6:06 of 1st period - Penalty to Owen Tippett is over, Owen Tippett is back on ice.
6:47 of 1st period - Wrist shot by Nicolas Aube-Kubel.
6:47 of 1st period - Shot Misses the Net.
6:49 of 1st period - Snap shot by Nicolas Aube-Kubel.
6:49 of 1st period - Shot Misses the Net.
6:59 of 1st period - Anthony Duclair is hit by Jack Roslovic and loses puck.
7:28 of 1st period - Snap shot by Henri Jokiharju.
7:28 of 1st period - Deflect By Alex Killorn.
7:28 of 1st period - Shot Misses the Net.
7:28 of 1st period - Puck is out of play.
7:29 of 1st period - Jack Eichel wins face-off versus Radek Faksa in Ducks zone.
7:29 of 1st period - Jack Eichel is hit by Radek Faksa.
8:14 of 1st period - Slapshot by David Jiricek.
8:14 of 1st period - Shot Blocked by Devon Toews.
8:16 of 1st period - Slapshot by Justin Braun.
8:16 of 1st period - Stopped by Philipp Grubauer without a rebound.
8:17 of 1st period - Radek Faksa wins face-off versus Nicolas Aube-Kubel in Ducks zone.
8:22 of 1st period - Snap shot by Alex Killorn.
8:22 of 1st period - Shot Misses the Net.
9:43 of 1st period - Jack Eichel is hit by Sam Steel and loses puck.
10:01 of 1st period - Icing by T.J. Oshie.
10:02 of 1st period - Jack Roslovic wins face-off versus Zemgus Girgensons in Ducks zone.
10:48 of 1st period - Icing by Jason Robertson.
10:49 of 1st period - Jack Eichel wins face-off versus Joel Eriksson Ek in Ducks zone.
10:49 of 1st period - Jack Eichel is hit by Joel Eriksson Ek.
11:02 of 1st period - Jack Eichel is hit by Joel Eriksson Ek and loses puck.
11:19 of 1st period - Wrist shot by Troy Terry.
11:19 of 1st period - Goal by Troy Terry - Stars : 0 - Ducks : 1.
11:20 of 1st period - Radek Faksa wins face-off versus Ivan Barbashev in neutral zone.
11:29 of 1st period - Brian Dumoulin is hit by Oskar Lindblom and loses puck.
12:10 of 1st period - T.J. Oshie is hit by Owen Tippett and loses puck.
12:25 of 1st period - Jack Eichel is hit by David Jiricek and loses puck.
12:32 of 1st period - Wrist shot by Alex Killorn.
12:32 of 1st period - Stopped by Philipp Grubauer with a rebound.
12:52 of 1st period - Slapshot by Devon Toews.
12:52 of 1st period - Deflect By Evgeny Svechnikov.
12:52 of 1st period - Stopped by Alex Nedeljkovic with a rebound.
13:04 of 1st period - Wrist shot by Sam Steel.
13:04 of 1st period - Stopped by Philipp Grubauer without a rebound.
13:05 of 1st period - Joel Eriksson Ek wins face-off versus Nicolas Aube-Kubel in Ducks zone.
13:12 of 1st period - Wrist shot by Joel Eriksson Ek.
13:12 of 1st period - Shot Misses the Net.
13:14 of 1st period - Slapshot by Justin Braun.
13:14 of 1st period - Stopped by Philipp Grubauer with a rebound.
13:37 of 1st period - Jack Roslovic is hit by Oliver Bjorkstrand and loses puck.
13:46 of 1st period - Justin Braun is hit by Andrej Sekera and loses puck.
14:00 of 1st period - Off-side.
14:01 of 1st period - Ivan Barbashev wins face-off versus Sam Steel in neutral zone.
14:14 of 1st period - Snap shot by Oskar Lindblom.
14:14 of 1st period - Shot Blocked by Miro Heiskanen.
14:16 of 1st period - Slapshot by Victor Mete.
14:16 of 1st period - Shot Blocked by Evgeny Svechnikov.
14:18 of 1st period - Wrist shot by Oskar Lindblom.
14:18 of 1st period - Shot Misses the Net.
14:20 of 1st period - Slapshot by Andrej Sekera.
14:20 of 1st period - Stopped by Alex Nedeljkovic with a rebound.
14:22 of 1st period - Snap shot by Pierre-Edouard Bellemare.
14:22 of 1st period - Shot Misses the Net.
14:24 of 1st period - Snap shot by Pierre-Edouard Bellemare.
14:24 of 1st period - Stopped by Alex Nedeljkovic with a rebound.
14:30 of 1st period - Snap shot by Ivan Barbashev.
14:30 of 1st period - Deflect By Oskar Lindblom.
14:30 of 1st period - Shot Misses the Net.
14:30 of 1st period - Puck is out of play.
14:31 of 1st period - Joel Eriksson Ek wins face-off versus Jack Eichel in Stars zone.
14:52 of 1st period - Connor Brown is hit by Jack Eichel and loses puck.
15:28 of 1st period - Oskar Lindblom is hit by Radek Faksa and loses puck.
15:53 of 1st period - Snap shot by Sam Steel.
15:53 of 1st period - Stopped by Philipp Grubauer with a rebound.
15:55 of 1st period - Slapshot by Brian Dumoulin.
15:55 of 1st period - Stopped by Philipp Grubauer with a rebound.
16:09 of 1st period - Wrist shot by Joe Veleno.
16:09 of 1st period - Deflect By Nicolas Aube-Kubel.
16:09 of 1st period - Shot Misses the Net.
16:09 of 1st period - Puck is out of play.
16:10 of 1st period - Radek Faksa wins face-off versus Nicolas Aube-Kubel in Stars zone.
16:15 of 1st period - Joe Veleno is hit by Radek Faksa and loses puck.
16:20 of 1st period - Snap shot by Alex Killorn.
16:20 of 1st period - Stopped by Philipp Grubauer with a rebound.
16:22 of 1st period - Wrist shot by Alex Killorn.
16:22 of 1st period - Goal by Alex Killorn - Stars : 1 - Ducks : 1.
16:23 of 1st period - Jack Roslovic wins face-off versus Zemgus Girgensons in neutral zone.
16:49 of 1st period - Minor Penalty to Victor Mete for Slashing.
16:50 of 1st period - Joel Eriksson Ek wins face-off versus Jason Robertson in Ducks zone.
17:23 of 1st period - Wrist shot by Michael Bunting.
17:23 of 1st period - Shot Misses the Net.
17:25 of 1st period - Wrist shot by T.J. Oshie.
17:25 of 1st period - Deflect By Michael Bunting.
17:25 of 1st period - Shot Misses the Net.
17:25 of 1st period - Puck is out of play.
17:26 of 1st period - Joel Eriksson Ek wins face-off versus Jason Robertson in Stars zone.
17:26 of 1st period - Joel Eriksson Ek is hit by Jason Robertson.
18:15 of 1st period - T.J. Oshie is hit by David Jiricek and loses puck.
18:49 of 1st period - Penalty to Victor Mete is over, Victor Mete is back on ice.
18:56 of 1st period - Snap shot by Nicolas Aube-Kubel.
18:56 of 1st period - Shot Blocked by Miro Heiskanen.
18:58 of 1st period - Snap shot by Michael Anderson.
18:58 of 1st period - Shot Blocked by Miro Heiskanen.
19:00 of 1st period - Wrist shot by Miles Wood.
19:00 of 1st period - Shot Blocked by Miro Heiskanen.
19:02 of 1st period - Wrist shot by Miles Wood.
19:02 of 1st period - Shot Blocked by Miro Heiskanen.
19:26 of 1st period - Wrist shot by Patric Hornqvist.
19:26 of 1st period - Shot Blocked by Ivan Barbashev.
19:42 of 1st period - Slapshot by Oskar Lindblom.
19:42 of 1st period - Stopped by Alex Nedeljkovic with a rebound.
19:44 of 1st period - Wrist shot by Pierre-Edouard Bellemare.
19:44 of 1st period - Shot Misses the Net.
19:46 of 1st period - Snap shot by Victor Mete.
19:46 of 1st period - Shot Misses the Net.
19:48 of 1st period - Wrist shot by Pierre-Edouard Bellemare.
19:48 of 1st period - Shot Misses the Net.
19:50 of 1st period - Snap shot by Ivan Barbashev.
19:50 of 1st period - Shot Misses the Net.
19:52 of 1st period - Snap shot by Oskar Lindblom.
19:52 of 1st period - Shot Blocked by Evgeny Svechnikov.
19:54 of 1st period - Slapshot by Victor Mete.
19:54 of 1st period - Shot Blocked by Sam Steel.
19:56 of 1st period - Wrist shot by Ivan Barbashev.
19:56 of 1st period - Shot Misses the Net.
19:58 of 1st period - Wrist shot by Oskar Lindblom.
19:58 of 1st period - Shot Misses the Net.
Goals for this period are 1 for Stars vs 1 for Ducks.
Shots for this period are 10 for Stars vs 7 for Ducks.

2nd period


0:01 of 2nd period - Joel Eriksson Ek wins face-off versus Jack Eichel in neutral zone.
0:34 of 2nd period - Snap shot by Michael Bunting.
0:34 of 2nd period - Stopped by Alex Nedeljkovic without a rebound.
0:35 of 2nd period - Radek Faksa wins face-off versus Jack Roslovic in Stars zone.
0:52 of 2nd period - Philippe Myers is hit by Brian Dumoulin and loses puck.
1:10 of 2nd period - Off-side.
1:11 of 2nd period - Joel Eriksson Ek wins face-off versus Jack Eichel in neutral zone.
1:11 of 2nd period - Joel Eriksson Ek is hit by Jack Eichel.
1:37 of 2nd period - Radek Faksa is hit by Michael Anderson and loses puck.
2:04 of 2nd period - Snap shot by Zemgus Girgensons.
2:04 of 2nd period - Deflect By Patric Hornqvist.
2:04 of 2nd period - Shot Misses the Net.
2:04 of 2nd period - Puck is out of play.
2:05 of 2nd period - Jack Eichel wins face-off versus Zemgus Girgensons in Ducks zone.
2:16 of 2nd period - Slapshot by Miro Heiskanen.
2:16 of 2nd period - Stopped by Philipp Grubauer with a rebound.
2:18 of 2nd period - Slapshot by Brian Dumoulin.
2:18 of 2nd period - Shot Blocked by Philippe Myers.
2:20 of 2nd period - Snap shot by Zemgus Girgensons.
2:20 of 2nd period - Deflect By Owen Tippett.
2:20 of 2nd period - Stopped by Philipp Grubauer without a rebound.
2:21 of 2nd period - Joel Eriksson Ek wins face-off versus Jack Roslovic in Ducks zone.
3:07 of 2nd period - David Jiricek is hit by Joe Veleno and loses puck.
3:54 of 2nd period - Snap shot by Michael Bunting.
3:54 of 2nd period - Shot Blocked by Anthony Duclair.
3:56 of 2nd period - Slapshot by Devon Toews.
3:56 of 2nd period - Stopped by Alex Nedeljkovic with a rebound.
3:58 of 2nd period - Snap shot by Michael Bunting.
3:58 of 2nd period - Stopped by Alex Nedeljkovic with a rebound.
4:14 of 2nd period - Snap shot by Jack Eichel.
4:14 of 2nd period - Shot Misses the Net.
4:16 of 2nd period - Slapshot by T.J. Oshie.
4:16 of 2nd period - Deflect By Alex Killorn.
4:16 of 2nd period - Shot Misses the Net.
4:16 of 2nd period - Puck is out of play.
4:17 of 2nd period - Zemgus Girgensons wins face-off versus Jack Roslovic in Stars zone.
4:42 of 2nd period - Andrej Sekera is hit by Miro Heiskanen and loses puck.
5:09 of 2nd period - Ivan Barbashev is hit by Alex Killorn and loses puck.
5:34 of 2nd period - Evgeny Svechnikov is hit by Joe Veleno and loses puck.
5:51 of 2nd period - Wrist shot by Zemgus Girgensons.
5:51 of 2nd period - Shot Blocked by Andrej Sekera.
5:55 of 2nd period - Snap shot by Patric Hornqvist.
5:55 of 2nd period - Stopped by Philipp Grubauer without a rebound.
5:56 of 2nd period - Joel Eriksson Ek wins face-off versus Jack Eichel in Ducks zone.
6:07 of 2nd period - Slapshot by Anthony Duclair.
6:07 of 2nd period - Shot Misses the Net.
6:13 of 2nd period - Joel Eriksson Ek is hit by Michael Anderson and loses puck.
6:26 of 2nd period - Wrist shot by Ivan Barbashev.
6:26 of 2nd period - Stopped by Alex Nedeljkovic without a rebound.
6:27 of 2nd period - Ivan Barbashev wins face-off versus Radek Faksa in Stars zone.
6:34 of 2nd period - Ivan Barbashev is hit by Alex Killorn and loses puck.
6:55 of 2nd period - Slapshot by Patric Hornqvist.
6:55 of 2nd period - Shot Blocked by Victor Mete.
7:05 of 2nd period - Slapshot by Jason Robertson.
7:05 of 2nd period - Shot Misses the Net.
7:23 of 2nd period - Wrist shot by Nicolas Aube-Kubel.
7:23 of 2nd period - Shot Misses the Net.
7:25 of 2nd period - Wrist shot by Joe Veleno.
7:25 of 2nd period - Shot Blocked by Anthony Duclair.
7:27 of 2nd period - Snap shot by Miles Wood.
7:27 of 2nd period - Stopped by Alex Nedeljkovic without a rebound.
7:28 of 2nd period - T.J. Oshie wins face-off versus Oliver Bjorkstrand in Stars zone.
8:36 of 2nd period - Snap shot by Henri Jokiharju.
8:36 of 2nd period - Stopped by Philipp Grubauer with a rebound.
8:38 of 2nd period - Slapshot by Evgeny Svechnikov.
8:38 of 2nd period - Deflect By Miles Wood.
8:38 of 2nd period - Stopped by Philipp Grubauer without a rebound.
8:39 of 2nd period - Jack Eichel wins face-off versus Joel Eriksson Ek in Ducks zone.
8:39 of 2nd period - Jason Robertson is hit by Anthony Duclair and loses puck.
8:48 of 2nd period - Connor Brown is hit by T.J. Oshie and loses puck.
9:07 of 2nd period - Snap shot by Patric Hornqvist.
9:07 of 2nd period - Deflect By Zemgus Girgensons.
9:07 of 2nd period - Shot Misses the Net.
9:07 of 2nd period - Puck is out of play.
9:08 of 2nd period - Jack Roslovic wins face-off versus Zemgus Girgensons in Ducks zone.
9:08 of 2nd period - Jack Roslovic is hit by Zemgus Girgensons.
9:33 of 2nd period - Oliver Bjorkstrand is hit by Ivan Barbashev and loses puck.
9:40 of 2nd period - Snap shot by Alex Killorn.
9:40 of 2nd period - Stopped by Philipp Grubauer without a rebound.
9:41 of 2nd period - Joel Eriksson Ek wins face-off versus Jack Eichel in Ducks zone.
9:42 of 2nd period - Wrist shot by Connor Brown.
9:42 of 2nd period - Stopped by Philipp Grubauer without a rebound.
9:43 of 2nd period - Jack Eichel wins face-off versus Joel Eriksson Ek in Ducks zone.
9:52 of 2nd period - Snap shot by Jason Robertson.
9:52 of 2nd period - Stopped by Alex Nedeljkovic with a rebound.
9:54 of 2nd period - Snap shot by Jack Eichel.
9:54 of 2nd period - Goal by Jack Eichel - Stars : 1 - Ducks : 2.
9:55 of 2nd period - Radek Faksa wins face-off versus Jack Roslovic in neutral zone.
10:00 of 2nd period - Snap shot by Alex Killorn.
10:00 of 2nd period - Shot Misses the Net.
10:02 of 2nd period - Wrist shot by Radek Faksa.
10:02 of 2nd period - Stopped by Philipp Grubauer without a rebound.
10:03 of 2nd period - Radek Faksa wins face-off versus Jack Roslovic in Ducks zone.
10:16 of 2nd period - Wrist shot by Oliver Bjorkstrand.
10:16 of 2nd period - Shot Misses the Net.
10:18 of 2nd period - Slapshot by Alex Killorn.
10:18 of 2nd period - Shot Misses the Net.
10:45 of 2nd period - Minor Penalty to Anthony Duclair for Hooking.
10:46 of 2nd period - Jack Roslovic wins face-off versus Radek Faksa in Stars zone.
11:58 of 2nd period - Brian Dumoulin is hit by Jack Roslovic and loses puck.
12:21 of 2nd period - Michael Bunting is hit by Radek Faksa and loses puck.
12:45 of 2nd period - Penalty to Anthony Duclair is over, Anthony Duclair is back on ice.
13:04 of 2nd period - Slapshot by David Jiricek.
13:04 of 2nd period - Shot Misses the Net.
13:06 of 2nd period - Wrist shot by Sam Steel.
13:06 of 2nd period - Stopped by Philipp Grubauer without a rebound.
13:07 of 2nd period - Nicolas Aube-Kubel wins face-off versus Joel Eriksson Ek in Ducks zone.
13:41 of 2nd period - Minor Penalty to Pierre-Edouard Bellemare for Holding.
13:42 of 2nd period - Joel Eriksson Ek wins face-off versus Jason Robertson in Ducks zone.
13:42 of 2nd period - Wrist shot by Oliver Bjorkstrand.
13:42 of 2nd period - Shot Blocked by Michael Anderson.
13:44 of 2nd period - Slapshot by Miro Heiskanen.
13:44 of 2nd period - Deflect By Joel Eriksson Ek.
13:44 of 2nd period - Shot Misses the Net.
13:44 of 2nd period - Puck is out of play.
13:45 of 2nd period - Anthony Duclair wins face-off versus Jason Robertson in Ducks zone.
13:48 of 2nd period - Backhand shot by Oliver Bjorkstrand.
13:48 of 2nd period - Deflect By Anthony Duclair.
13:48 of 2nd period - Shot Blocked by Jason Robertson.
13:48 of 2nd period - Puck is out of play.
13:49 of 2nd period - Jason Robertson wins face-off versus Joel Eriksson Ek in Ducks zone.
14:21 of 2nd period - Wrist shot by Alex Killorn.
14:21 of 2nd period - Stopped by Philipp Grubauer with a rebound.
15:41 of 2nd period - Penalty to Pierre-Edouard Bellemare is over, Pierre-Edouard Bellemare is back on ice.
15:52 of 2nd period - Ivan Barbashev is hit by Evgeny Svechnikov and loses puck.
16:07 of 2nd period - Joe Veleno is hit by Owen Tippett and loses puck.
17:48 of 2nd period - Victor Mete is hit by Patric Hornqvist and loses puck.
19:00 of 2nd period - Snap shot by Zemgus Girgensons.
19:00 of 2nd period - Shot Misses the Net.
19:12 of 2nd period - David Jiricek is hit by Miles Wood and loses puck.
19:25 of 2nd period - Zemgus Girgensons is hit by Ivan Barbashev and loses puck.
19:38 of 2nd period - Evgeny Svechnikov is hit by Michael Bunting and loses puck.
19:52 of 2nd period - Icing by Evgeny Svechnikov.
19:53 of 2nd period - Jack Eichel wins face-off versus Joel Eriksson Ek in Stars zone.
19:56 of 2nd period - Slapshot by Jack Eichel.
19:56 of 2nd period - Stopped by Alex Nedeljkovic with a rebound.
19:58 of 2nd period - Wrist shot by Devon Toews.
19:58 of 2nd period - Stopped by Alex Nedeljkovic with a rebound.
Goals for this period are 0 for Stars vs 1 for Ducks.
Shots for this period are 10 for Stars vs 9 for Ducks.

3rd period


0:01 of 3rd period - Radek Faksa wins face-off versus Jack Roslovic in neutral zone.
0:04 of 3rd period - Michael Anderson is hit by Radek Faksa and loses puck.
0:25 of 3rd period - Joel Eriksson Ek is hit by Pierre-Edouard Bellemare.
0:30 of 3rd period - Off-side.
0:31 of 3rd period - Jack Eichel wins face-off versus Joel Eriksson Ek in neutral zone.
0:34 of 3rd period - Slapshot by Jack Eichel.
0:34 of 3rd period - Stopped by Alex Nedeljkovic without a rebound.
0:35 of 3rd period - Jack Eichel wins face-off versus Joel Eriksson Ek in Stars zone.
0:38 of 3rd period - Snap shot by Jason Robertson.
0:38 of 3rd period - Shot Misses the Net.
0:44 of 3rd period - Snap shot by Jack Eichel.
0:44 of 3rd period - Shot Blocked by Brian Dumoulin.
1:02 of 3rd period - Radek Faksa is hit by Andrej Sekera and loses puck.
1:39 of 3rd period - Michael Anderson is hit by Evgeny Svechnikov and loses puck.
2:01 of 3rd period - Off-side.
2:02 of 3rd period - Joel Eriksson Ek wins face-off versus Jack Eichel in neutral zone.
2:02 of 3rd period - Joel Eriksson Ek is hit by T.J. Oshie.
2:35 of 3rd period - Wrist shot by Oliver Bjorkstrand.
2:35 of 3rd period - Shot Misses the Net.
2:37 of 3rd period - Slapshot by Brian Dumoulin.
2:37 of 3rd period - Shot Misses the Net.
2:47 of 3rd period - Victor Mete is hit by Patric Hornqvist.
3:20 of 3rd period - Justin Braun is hit by Nicolas Aube-Kubel and loses puck.
3:41 of 3rd period - Snap shot by Jack Eichel.
3:41 of 3rd period - Shot Misses the Net.
3:57 of 3rd period - Michael Bunting is hit by Radek Faksa and loses puck.
4:12 of 3rd period - Owen Tippett is hit by Pierre-Edouard Bellemare and loses puck.
4:24 of 3rd period - Minor Penalty to Oskar Lindblom for Hooking.
4:25 of 3rd period - Jason Robertson wins face-off versus Oliver Bjorkstrand in Ducks zone.
4:56 of 3rd period - Slapshot by Patric Hornqvist.
4:56 of 3rd period - Shot Hit the Post.
6:24 of 3rd period - Penalty to Oskar Lindblom is over, Oskar Lindblom is back on ice.
6:29 of 3rd period - Evgeny Svechnikov is hit by Oskar Lindblom and loses puck.
6:53 of 3rd period - Slapshot by Pierre-Edouard Bellemare.
6:53 of 3rd period - Stopped by Alex Nedeljkovic with a rebound.
6:55 of 3rd period - Wrist shot by Oskar Lindblom.
6:55 of 3rd period - Shot Misses the Net.
6:57 of 3rd period - Backhand shot by Jack Eichel.
6:57 of 3rd period - Deflect By Oskar Lindblom.
6:57 of 3rd period - Shot Misses the Net.
6:57 of 3rd period - Puck is out of play.
6:58 of 3rd period - Sam Steel wins face-off versus Nicolas Aube-Kubel in Stars zone.
6:58 of 3rd period - Sam Steel is hit by Nicolas Aube-Kubel.
7:04 of 3rd period - Victor Mete is hit by Luke Kunin and loses puck.
8:21 of 3rd period - Icing by Philippe Myers.
8:22 of 3rd period - Oskar Lindblom wins face-off versus Joel Eriksson Ek in Ducks zone.
8:36 of 3rd period - Slapshot by Anthony Duclair.
8:36 of 3rd period - Shot Misses the Net.
8:38 of 3rd period - Wrist shot by Joel Eriksson Ek.
8:38 of 3rd period - Shot Misses the Net.
8:50 of 3rd period - Snap shot by Miles Wood.
8:50 of 3rd period - Deflect By Nicolas Aube-Kubel.
8:50 of 3rd period - Stopped by Alex Nedeljkovic without a rebound.
8:51 of 3rd period - Miles Wood wins face-off versus Radek Faksa in Stars zone.
9:02 of 3rd period - Wrist shot by Alex Killorn.
9:02 of 3rd period - Stopped by Philipp Grubauer with a rebound.
9:04 of 3rd period - Snap shot by Alex Killorn.
9:04 of 3rd period - Shot Misses the Net.
9:06 of 3rd period - Snap shot by Alex Killorn.
9:06 of 3rd period - Shot Misses the Net.
9:08 of 3rd period - Wrist shot by Oliver Bjorkstrand.
9:08 of 3rd period - Stopped by Philipp Grubauer with a rebound.
9:10 of 3rd period - Slapshot by Connor Clifton.
9:10 of 3rd period - Shot Misses the Net.
9:30 of 3rd period - Brian Dumoulin is hit by Joe Veleno and loses puck.
9:35 of 3rd period - Wrist shot by Miles Wood.
9:35 of 3rd period - Shot Misses the Net.
9:37 of 3rd period - Snap shot by Joe Veleno.
9:37 of 3rd period - Shot Misses the Net.
9:39 of 3rd period - Wrist shot by Devon Toews.
9:39 of 3rd period - Deflect By Nicolas Aube-Kubel.
9:39 of 3rd period - Shot Misses the Net.
9:39 of 3rd period - Puck is out of play.
9:40 of 3rd period - Ivan Barbashev wins face-off versus Joel Eriksson Ek in Stars zone.
9:40 of 3rd period - Ivan Barbashev is hit by Joel Eriksson Ek.
9:42 of 3rd period - Snap shot by Pierre-Edouard Bellemare.
9:42 of 3rd period - Shot Blocked by David Jiricek.
9:44 of 3rd period - Slapshot by Ivan Barbashev.
9:44 of 3rd period - Shot Misses the Net.
9:46 of 3rd period - Snap shot by Pierre-Edouard Bellemare.
9:46 of 3rd period - Shot Misses the Net.
9:48 of 3rd period - Slapshot by Victor Mete.
9:48 of 3rd period - Shot Blocked by Anthony Duclair.
9:50 of 3rd period - Snap shot by Pierre-Edouard Bellemare.
9:50 of 3rd period - Stopped by Alex Nedeljkovic with a rebound.
10:29 of 3rd period - Owen Tippett is hit by Michael Bunting and loses puck.
11:13 of 3rd period - Slapshot by Alex Killorn.
11:13 of 3rd period - Shot Misses the Net.
11:29 of 3rd period - Wrist shot by Michael Bunting.
11:29 of 3rd period - Stopped by Alex Nedeljkovic with a rebound.
11:51 of 3rd period - Wrist shot by Patric Hornqvist.
11:51 of 3rd period - Stopped by Philipp Grubauer without a rebound.
11:52 of 3rd period - Ivan Barbashev wins face-off versus Joel Eriksson Ek in Ducks zone.
11:52 of 3rd period - Ivan Barbashev is hit by Justin Braun.
11:58 of 3rd period - Ivan Barbashev is hit by David Jiricek and loses puck.
12:56 of 3rd period - Snap shot by Devon Toews.
12:56 of 3rd period - Deflect By Pierre-Edouard Bellemare.
12:56 of 3rd period - Shot Misses the Net.
12:56 of 3rd period - Puck is out of play.
12:57 of 3rd period - Jack Roslovic wins face-off versus Joel Eriksson Ek in Stars zone.
13:00 of 3rd period - Slapshot by Michael Bunting.
13:00 of 3rd period - Shot Misses the Net.
13:02 of 3rd period - Slapshot by Victor Soderstrom.
13:02 of 3rd period - Stopped by Alex Nedeljkovic without a rebound.
13:03 of 3rd period - Joel Eriksson Ek wins face-off versus Jack Roslovic in Stars zone.
13:03 of 3rd period - Joel Eriksson Ek is hit by Jack Roslovic.
13:46 of 3rd period - Snap shot by Connor Brown.
13:46 of 3rd period - Stopped by Philipp Grubauer without a rebound.
13:47 of 3rd period - Jack Eichel wins face-off versus Radek Faksa in Ducks zone.
14:03 of 3rd period - Off-side.
14:04 of 3rd period - Ivan Barbashev wins face-off versus Zemgus Girgensons in neutral zone.
14:07 of 3rd period - Wrist shot by Ivan Barbashev.
14:07 of 3rd period - Shot Blocked by David Jiricek.
14:09 of 3rd period - Snap shot by Michael Anderson.
14:09 of 3rd period - Stopped by Alex Nedeljkovic with a rebound.
14:11 of 3rd period - Slapshot by Devon Toews.
14:11 of 3rd period - Shot Misses the Net.
14:13 of 3rd period - Wrist shot by Pierre-Edouard Bellemare.
14:13 of 3rd period - Shot Misses the Net.
14:15 of 3rd period - Slapshot by Michael Anderson.
14:15 of 3rd period - Shot Misses the Net.
14:40 of 3rd period - Wrist shot by Alex Killorn.
14:40 of 3rd period - Shot Misses the Net.
14:42 of 3rd period - Backhand shot by Justin Braun.
14:42 of 3rd period - Shot Blocked by Philippe Myers.
14:44 of 3rd period - Slapshot by David Jiricek.
14:44 of 3rd period - Stopped by Philipp Grubauer with a rebound.
14:56 of 3rd period - Snap shot by Luke Kunin.
14:56 of 3rd period - Stopped by Philipp Grubauer with a rebound.
14:58 of 3rd period - Snap shot by Evgeny Svechnikov.
14:58 of 3rd period - Shot Misses the Net.
15:44 of 3rd period - Snap shot by Owen Tippett.
15:44 of 3rd period - Stopped by Philipp Grubauer with a rebound.
15:46 of 3rd period - Snap shot by Patric Hornqvist.
15:46 of 3rd period - Stopped by Philipp Grubauer with a rebound.
16:58 of 3rd period - T.J. Oshie is hit by Luke Kunin and loses puck.
17:13 of 3rd period - Wrist shot by Pierre-Edouard Bellemare.
17:13 of 3rd period - Stopped by Alex Nedeljkovic with a rebound.
17:15 of 3rd period - Slapshot by Andrej Sekera.
17:15 of 3rd period - Deflect By Oskar Lindblom.
17:15 of 3rd period - Shot Blocked by Connor Clifton.
17:15 of 3rd period - Puck is out of play.
17:16 of 3rd period - Ivan Barbashev wins face-off versus Zemgus Girgensons in Stars zone.
17:41 of 3rd period - Owen Tippett is hit by Michael Bunting and loses puck.
17:50 of 3rd period - Snap shot by Patric Hornqvist.
17:50 of 3rd period - Stopped by Philipp Grubauer without a rebound.
17:51 of 3rd period - Joel Eriksson Ek wins face-off versus Ivan Barbashev in Ducks zone.
17:58 of 3rd period - Snap shot by Anthony Duclair.
17:58 of 3rd period - Shot Misses the Net.
18:16 of 3rd period - Snap shot by Oliver Bjorkstrand.
18:16 of 3rd period - Stopped by Philipp Grubauer with a rebound.
18:18 of 3rd period - Slapshot by Radek Faksa.
18:18 of 3rd period - Stopped by Philipp Grubauer without a rebound.
18:19 of 3rd period - Radek Faksa wins face-off versus Nicolas Aube-Kubel in Ducks zone.
18:19 of 3rd period - Radek Faksa is hit by Devon Toews.
18:26 of 3rd period - Minor Penalty to Joe Veleno for Interference.
18:27 of 3rd period - Joel Eriksson Ek wins face-off versus T.J. Oshie in Ducks zone.
18:31 of 3rd period - Wrist shot by Anthony Duclair.
18:31 of 3rd period - Shot Misses the Net.
18:33 of 3rd period - Slapshot by David Jiricek.
18:33 of 3rd period - Shot Blocked by T.J. Oshie.
18:35 of 3rd period - Snap shot by Joel Eriksson Ek.
18:35 of 3rd period - Shot Blocked by Michael Bunting.
18:37 of 3rd period - Slapshot by Miro Heiskanen.
18:37 of 3rd period - Stopped by Philipp Grubauer with a rebound.
19:02 of 3rd period - Off-side.
19:03 of 3rd period - call a timeout for Stars.
19:03 of 3rd period - Joel Eriksson Ek wins face-off versus Jason Robertson in neutral zone.
19:08 of 3rd period - Stars, Alex Nedeljkovic is pulled from the net.
19:10 of 3rd period - Slapshot by Joel Eriksson Ek.
19:10 of 3rd period - Stopped by Philipp Grubauer with a rebound.
19:12 of 3rd period - Slapshot by Miro Heiskanen.
19:12 of 3rd period - Shot Blocked by Michael Anderson.
19:14 of 3rd period - Slapshot by Miro Heiskanen.
19:14 of 3rd period - Stopped by Philipp Grubauer without a rebound.
19:15 of 3rd period - Joel Eriksson Ek wins face-off versus T.J. Oshie in Ducks zone.
19:18 of 3rd period - Wrist shot by Oliver Bjorkstrand.
19:18 of 3rd period - Shot Misses the Net.
Goals for this period are 0 for Stars vs 0 for Ducks.
Shots for this period are 14 for Stars vs 8 for Ducks.